 Dungeon Crawl Stone Soup version 0.28.0-43-g3370ac3207 (webtiles) character file.

Game seed: 8824027625998855163

154 Jerry the Shield-Bearer (level 4, -3/37 HPs)
             Began as a Demigod Fighter on Mar 7, 2022.
             Slain by an ogre
             ... wielding a +0 giant spiked club
              (21 damage)
             ... on level 3 of the Dungeon.
             The game lasted 00:05:57 (2478 turns).

Jerry the Shield-Bearer (Demigod Fighter)           Turns: 2478, Time: 00:05:57

Health: -3/37      AC:  7    Str: 21    XL:     4   Next: 89%
Magic:  6/6        EV:  9    Int: 16    God:
Gold:   148        SH:  5    Dex: 13    Spells: 3/3 levels left

rFire   . . .      SeeInvis .   q - +0 dagger (venom)
rCold   . . .      Faith    .   c - +0 buckler
rNeg    + . .      Spirit   .   b - +0 scale mail
rPois   .          Reflect  .   (no helmet)
rElec   .          Harm     .   l - scarf {shadows}
rCorr   .          Rampage  .   (no gloves)
Will    .....                   (no boots)
Stlth   ..........              o - amulet of the acrobat
HPRegen 0.12/turn               j - +6 ring of intelligence
MPRegen 0.10/turn               m - ring of positive energy

@: no status effects
A: high MP 1, forlorn, divine attributes
a: no special abilities


You were on level 3 of the Dungeon.
You visited 1 branch of the dungeon, and saw 4 of its levels.

You collected 148 gold pieces.

Inventory:

Hand Weapons
 a - a +0 long sword
 q - a +0 dagger of venom (weapon)
Missiles
 k - 5 poisoned darts (quivered)
 n - 6 datura-tipped darts
Armour
 b - a +0 scale mail (worn)
 c - a +0 buckler (worn)
 l - a scarf of shadows (worn)
Jewellery
 j - a +6 ring of intelligence (left hand)
 m - a ring of positive energy (right hand)
 o - an amulet of the acrobat (around neck)
 p - a ring of fire
Scrolls
 e - a scroll of summoning {unknown}
 h - a scroll of fear {unknown}
Potions
 d - a potion of might
 f - a potion of brilliance {unknown}
 g - a potion of flight {unknown}
 i - a potion of degeneration {unknown}


   Skills:
 - Level 2.6 Fighting
 + Level 3.1 Long Blades
 + Level 3.7 Armour
 + Level 3.8 Shields


You had 3 spell levels left.
You didn't know any spells.
Your spell library contained the following spells:

 Spells                   Type           Power      Damage    Failure   Level
 Call Canine Familiar     Summ           0%         N/A       95%         3
 Portal Projectile        Hex/Tloc       0%         N/A       95%         3
 Leda's Liquefaction      Hex/Erth       0%         N/A       100%        4


Dungeon Overview and Level Annotations

Branches:
Dungeon (4/15)
 Temple: D:4-7


Innate Abilities, Weirdness & Mutations

You have an increased reservoir of magic. (+10% MP)
You shall have no god before yourself.
Your divine heritage dramatically boosts your attributes as you level up.


Message History

There is a stone staircase leading up here.
An ogre comes into view. It is wielding a +0 giant spiked club.
The ogre shouts!
Throw: 9 darts (poison)
Press: ? - help, Q - select action, (/) - cycle Shift-Dir - straight line, f - ogre
Aim: an ogre, wielding a +0 giant spiked club (73% to hit)
You throw a poisoned dart.
The poisoned dart barely misses the ogre.
Throw: 8 darts (poison)
Press: ? - help, Q - select action, (/) - cycle Shift-Dir - straight line, f/p - ogre
Aim: an ogre, wielding a +0 giant spiked club (73% to hit)
You throw a poisoned dart. The poisoned dart hits the ogre.
The ogre is poisoned.
An ogre comes into view. It is wielding a +0 giant spiked club.
Throw: 7 darts (poison)
Press: ? - help, Q - select action, (/) - cycle Shift-Dir - straight line, f/p - ogre
Aim: an ogre, wielding a +0 giant spiked club (poisoned, 73% to hit)
You throw a poisoned dart. The poisoned dart hits the ogre.
The ogre looks even sicker.
Throw: 6 darts (poison)
Press: ? - help, Q - select action, (/) - cycle Shift-Dir - straight line, f/p - ogre
Aim: an ogre, wielding a +0 giant spiked club (very poisoned, 73% to hit)
You throw a poisoned dart. The poisoned dart hits the ogre.
The ogre looks even sicker.
Unknown command.
There is a stone staircase leading up here.
The ogre hits you with a +0 giant spiked club!!
Ouch! That really hurt!
You climb upwards.
There is a stone staircase leading down here.
You hit the ogre but do no damage.
The ogre looks even sicker.
The ogre is heavily wounded.
The ogre closely misses you.
You closely miss the ogre.
The ogre is heavily wounded.
You barely miss the ogre.
The ogre is heavily wounded.
The ogre hits you with a +0 giant spiked club!!
Ouch! That really hurt!
You die...

#..........######.#.....##......#
######.###......#.#..##......##..
##.....#.....................##
##....................####......
##.....................# ##.####
##.....................# #.# #
##.....................# #.####
....).............)....# #...##
##..............@O.....# ###...
#................###### #...
##<.............## #)..
##.....##.....## #...
############## #... ####


You could see an ogre (very poisoned).

Vanquished Creatures
  Jessica (D:3)
  An orc wizard (D:3)
  5 adders
  2 worms
  2 dart slugs
  2 orcs (D:3)
  3 endoplasms (D:1)
  2 giant cockroaches (D:1)
  3 goblins
  2 hobgoblins
  3 jackals (D:1)
  A quokka (D:2)
  6 ball pythons
  5 bats
  3 frilled lizards
  5 kobolds
  7 rats
53 creatures vanquished.

Notes
Turn   | Place    | Note
-------+----------+-------------------------------------------
     0 | D:1      | Jerry the Demigod Fighter began the quest for the Orb.
     0 | D:1      | Reached XP level 1. HP: 18/18 MP: 3/3
   349 | D:1      | Reached XP level 2. HP: 22/25 MP: 4/4
  1060 | D:2      | Reached XP level 3. HP: 30/30 MP: 5/5
  1658 | D:3      | Noticed Jessica
  1667 | D:3      | Killed Jessica
  1668 | D:3      | Reached XP level 4. HP: 35/37 MP: 6/6
  2460 | D:4      | Noticed an ogre
  2462 | D:4      | Noticed an ogre
  2478 | D:3      | Slain by an ogre

Illustrated notes

Levels and vault maps discovered:
D:1:      dpeg_arrival_brainrot, layout_basic
D:2:      layout_rooms
D:3:      layout_rooms, uniq_jessica
D:4:      layout_rooms, nicolae_overflow_hallway_of_the_gods,
          minmay_temple_entry_poolview

Skill      XL: |  1  2  3  4 |
---------------+-------------+-----
Long Blades    | 2 3 |  3.1
Armour         | 3 |  3.7
Shields        | 3 |  3.8
Fighting       | |  2.6

Action                   |  1- 3 |  4- 6 || total
-------------------------+-------+-------++-------
Melee: Long sword        |   114 |    33 ||   147
       Dagger            |       |     3 ||     3
Throw: Dart              |       |     4 ||     4
  Use: Scroll            |     4 |       ||     4
       Potion            |       |     2 ||     2
Armor: Scale mail        |    46 |    10 ||    56
Dodge: Dodged            |    54 |    15 ||    69
Block: Buckler           |    30 |     6 ||    36
